 Dungeon Crawl Stone Soup version 0.20.1-1-g8b1a95d (webtiles) character file.

156 vineage the Slasher (level 5, -1/42 HPs)
             Began as a Demonspawn Berserker on Aug 27, 2017.
             Was a Believer of Trog.
             Slain by a goblin (6 damage)
             ... led by Robin
             ... on level 4 of the Dungeon.
             The game lasted 00:02:51 (1555 turns).

vineage the Slasher (Demonspawn Berserker)          Turns: 1555, Time: 00:02:53

Health: -1/42      AC:  2    Str: 19    XL:     5   Next: 15%
Magic:  5/5        EV: 13    Int:  8    God:    Trog [**....]
Gold:   130        SH:  0    Dex: 16    Spells: 4/4 levels left

rFire    . . .     SeeInvis .   a - +0 falchion
rCold    . . .     Gourm    .   (no shield)
rNeg     . . .     Faith    .   b - +0 animal skin
rPois    .         Spirit   .   (no helmet)
rElec    .         Reflect  .   (no cloak)
rCorr    .         Harm     .   (no gloves)
MR       .....                  (no boots)
Stlth    +++.......             (no amulet)
Regen    0.2/turn               (no ring)
MPRegen  0.1/turn               (no ring)

@: no status effects
A: hooves 1, thin skeletal structure 2
a: Berserk, Trog's Hand, Burn Spellbooks, Renounce Religion


You were on level 4 of the Dungeon.
You worshipped Trog.
Trog was pleased with you.
You were not hungry.

You visited 1 branch of the dungeon, and saw 3 of its levels.

You collected 130 gold pieces.

Inventory:

Hand Weapons
 a - a +0 falchion (weapon)
Armour
 b - a +0 animal skin (worn)
Jewellery
 m - an uncursed amulet of magic regeneration {unknown}
Scrolls
 e - 6 scrolls of identify {unknown}
 g - a scroll of magic mapping {unknown}
 h - a scroll of enchant armour {unknown}
 i - 4 scrolls of teleportation {unknown}
 j - a scroll of fear {unknown}
 k - 2 scrolls of remove curse {unknown}
 l - a scroll of blinking {unknown}
Potions
 f - a potion of curing {unknown}
Comestibles
 c - 4 bread rations


   Skills:
 + Level 3.7 Fighting
 + Level 4.3 Long Blades
 + Level 2.0 Armour
 + Level 2.3 Dodging
 + Level 1.0 Stealth


You had 4 spell levels left.
You didn't know any spells.

Dungeon Overview and Level Annotations

Branches:
Dungeon (2/15)

Altars:

Annotations:
D:4 Robin


Innate Abilities, Weirdness & Mutations

You have large cloven feet.
You have a moderately thin skeletal structure. (Dex +4, Stealth+)


Message History

The goblin hits you with a dagger of freezing.
The goblin freezes you.
You barely miss the hobgoblin. You kick the hobgoblin.
The hobgoblin is severely wounded.
The goblin hits you but does no damage. The hobgoblin hits you.
You barely miss the hobgoblin. You kick the hobgoblin.
You kill the hobgoblin!
Trog accepts your kill. The goblin hits you but does no damage.
You hit the goblin but do no damage. The goblin misses you.
The goblin hits you with a dagger of freezing.
The goblin freezes you. The goblin barely misses you.
You closely miss the goblin. You kick the goblin.
The goblin is severely wounded.
The goblin hits you with a dagger of freezing!
* * * LOW HITPOINT WARNING * * *
The goblin freezes you.
* * * LOW HITPOINT WARNING * * *
The goblin hits you.
You die...

#......)........#
#.#...## #.
#.#.....###.....#
#.##...# #.
#.#.....# #.....#
#....).# #.
#.###.### ###.###
### ...# #. #.#
#.# #g# ## #. #.#
#.# #g# #. #.#
#.##### #g# ..
###.# #.....# #g#
##.#.#######.# #@#
#.........##.###g#
####
##.#.####.##...()#
... #.#.#
#.##(######.####gg
#.#.#
#.##...(..gg...ggg
#.#.#
#............###.#
#.#.#
####.######..#
#.#.# #.# ..#
#.#.# #.# ..#


You could see Robin, a hobgoblin and 3 goblins.

Vanquished Creatures
  A crimson imp (D:4)
  An iguana (D:4)
  A gnoll (D:1)
  3 adders
  An ooze (D:1)
  A worm (D:2)
  2 dart slugs (D:1)
  2 leopard geckos (D:1)
  7 orcs (D:4)
  A bat (D:1)
  8 goblins
  5 hobgoblins
  4 frilled lizards
  3 kobolds
  2 rats (D:1)
42 creatures vanquished.

Notes
Turn   | Place    | Note
-------+----------+-------------------------------------------
     0 | D:1      | vineage the Demonspawn Berserker began the quest for the Orb.
     0 | D:1      | Reached XP level 1. HP: 18/18 MP: 1/1
    60 | D:1      | Gained mutation: You have a somewhat thin skeletal structure. (Dex +2, Stealth) [demonic ancestry]
    60 | D:1      | Reached XP level 2. HP: 4/24 MP: 2/2
   362 | D:1      | Reached skill level 3 in Long Blades
   569 | D:1      | Gained mutation: You have large cloven feet. [demonic ancestry]
   569 | D:1      | Reached XP level 3. HP: 19/29 MP: 3/3
  1171 | D:2      | You fall through a shaft for 2 floors!
  1192 | D:4      | Gained mutation: You have a moderately thin skeletal structure. (Dex +4, Stealth+) [demonic ancestry]
  1192 | D:4      | Reached XP level 4. HP: 28/35 MP: 4/4
  1224 | D:4      | Reached skill level 4 in Long Blades
  1246 | D:4      | Reached XP level 5. HP: 25/42 MP: 5/5
  1411 | D:4      | Reached skill level 1 in Stealth
  1508 | D:4      | Reached ** piety under Trog
  1540 | D:4      | Noticed Robin
  1555 | D:4      | Slain by a goblin

Skill      XL: |  1  2  3  4  5 |
---------------+----------------+-----
Long Blades    | 3 4 |  4.3
Dodging        | 2 |  2.3
Armour         | 2 |  2.0
Stealth        | 1 |  1.0
Fighting       | |  3.7

Action                   |  1- 3 |  4- 6 || total
-------------------------+-------+-------++-------
Melee: Falchion          |    58 |    34 ||    92
       Kick              |    15 |    20 ||    35
  Use: Potion            |       |     1 ||     1
 Stab: Sleeping          |     2 |       ||     2
  Eat: Chunk             |       |     2 ||     2
Armor: Animal skin       |     5 |     3 ||     8
Dodge: Dodged            |    39 |    25 ||    64
       Rpst.: Falchion   |     8 |     9 ||    17
